 Dungeon Crawl Stone Soup version 0.31-a0-636-ge1c0e020e0 (webtiles) character file.

Game seed: 14275448569498783012

14536 AtlasWard the Warrior (level 11, 0/117 HPs)
             Began as a White Draconian Gladiator on Aug 26, 2023.
             Was an Initiate of Gozag.
             Slain by a salamander
             ... wielding a +0 glaive
              (7 damage)
             ... in a volcano.
             The game lasted 00:36:40 (14601 turns).

AtlasWard the Warrior (White Draconian Gladiator)  Turns: 14601, Time: 00:36:41

Health: 0/117      AC: 15    Str: 22    XL:     11   Next: 90%
Magic:  0/11       EV: 12    Int:  8    God:    Gozag
Gold:   1728       SH:  0    Dex: 12    Spells: 10/10 levels left

rFire   . . .        a - +1 war axe (venom)
rCold   + . .        (no shield)
rNeg    . . .        (body armour unavailable)
rPois   .            f - +1 hat
rElec   .            I - +2 cloak
rCorr   .            (no gloves)
SInv    .            (no boots)
Will    .....        m - amulet of guardian spirit
Stlth   +            x - +4 ring of protection
HPRegen 0.39/turn    (no ring)
MPRegen 0.12/turn

%: guardian spirit
@: no status effects
A: breathe frost, AC +7, unfitting armour, cold resistance 1, cold-blooded
a: Breathe Frost, Renounce Religion, Potion Petition, Call Merchant, Bribe
Branch


You were in a volcano.
You worshipped Gozag.
Gozag was most pleased with you.
You visited 3 branches of the dungeon, and saw 12 of its levels.
You also visited: Volcano.

You collected 1866 gold pieces.
You spent 56 gold pieces at shops.
You paid 82 gold pieces to Gozag.

Inventory:

Hand Weapons
 a - a +1 war axe of venom (weapon)
 b - a +3 rapier of holy wrath
 g - a +3 hand axe
 j - a +0 battleaxe
 H - a +1 dagger of draining
Missiles
 c - 3 throwing nets
 d - 13 javelins (quivered)
 n - 32 poisoned darts
Armour
 f - a +1 hat (worn)
 I - a +2 cloak (worn)
Jewellery
 k - a ring of ice
 m - an amulet of guardian spirit (around neck)
 x - a +4 ring of protection (left hand)
Wands
 q - a wand of flame (25)
 u - a wand of digging (5)
 y - a wand of iceblast (18)
Scrolls
 h - 2 scrolls of fear
 l - 2 scrolls of teleportation
 r - a scroll of identify
 s - 2 scrolls of revelation
 w - 4 scrolls of fog
 C - 2 scrolls of immolation
 E - a scroll of enchant armour
Potions
 e - 4 potions of enlightenment
 i - 2 potions of brilliance
 B - 2 potions of curing {unknown}
 D - a potion of berserk rage
 F - a potion of magic {unknown}
 J - a potion of might {unknown}
 K - a potion of attraction {unknown}


   Skills:
 + Level 17.2 Fighting
 - Level 8.0 Short Blades
 * Level 8.1 Axes
 - Level 1.7 Throwing
 + Level 2.9 Dodging


You had 10 spell levels left.
You didn't know any spells.
Your spell library contained the following spells:

 Spells                   Type           Power      Damage    Failure   Level
 Freeze                   Ice            0%         1d3       41%         1
 Magic Dart               Conj           0%         1d3       41%         1
 Blink                    Tloc           0%         N/A       54%         2
 Call Imp                 Summ           0%         N/A       54%         2
 Dazzling Flash           Conj/Hex       0%         N/A       78%         3
 Frozen Ramparts          Ice            0%         1d1       78%         3
 Hailstorm                Conj/Ice       0%         3d3       78%         3
 Mephitic Cloud           Conj/Pois/Air  0%         N/A       78%         3
 Manifold Assault         Tloc           0%         N/A       99%         4
 Summon Ice Beast         Ice/Summ       0%         N/A       99%         4
 Agony                    Necr           0%         N/A       100%        5
 Silence                  Hex/Air        0%         N/A       100%        5
 Summon Forest            Summ/Tloc      0%         N/A       100%        5
 Summon Mana Viper        Hex/Summ       0%         N/A       100%        5
 Summon Cactus Giant      Summ           0%         N/A       100%        6
 Simulacrum               Ice/Necr       Unusable   N/A       N/A         6

Dungeon Overview and Level Annotations

Branches:
Dungeon (9/15)             Temple (1/1) D:5            Lair (2/5) D:8
Volcano (1/1)
  Swamp: Lair:2-3    Shoals: Lair:2-3     Snake: Lair:2-3    Spider: Lair:2-3
    Orc: D:9-12

Altars:
Cheibriados
Dithmenos
Elyvilon
Fedhas
Gozag
Hepliaklqana
Kikubaaqudgha
Makhleb
Nemelex Xobeh
Okawaru
Qazlal
Sif Muna
Trog
Uskayaw
Wu Jian
Xom
Yredelemnul
Zin
The Shining One

Shops:
D:3 *   D:4 (


Innate Abilities, Weirdness & Mutations

You can breathe waves of freezing cold which knock back foes.
Your icy white scales are hard. (AC +7)
You cannot fit into any form of body armour.
Your flesh is cold resistant. (rC+)
You are cold-blooded and may be slowed by cold attacks.


Message History

The salamander hits you with a +0 glaive.
You are engulfed in flames!
There is a large open door here.
You barely miss the salamander.
The salamander hits you with a +0 glaive.
You are engulfed in flames!
You slash the salamander!
The salamander is moderately wounded.
The salamander hits you with a +0 glaive.
You are engulfed in flames!
You hit the salamander but do no damage.
The salamander is poisoned.
The salamander is lightly wounded.
The salamander misses you. The salamander closely misses you.
You slash the salamander!
The salamander looks as sick as possible!
You tail-slap the salamander, but do no damage.
The salamander is heavily wounded.
The salamander hits you with a +0 glaive!!
You are engulfed in flames!
* * * LOW HITPOINT WARNING * * *
You completely miss the salamander.
The salamander is heavily wounded.
The salamander hits you with a +0 glaive.
* * * LOW HITPOINT WARNING * * *
You are engulfed in flames!
* * * LOW HITPOINT WARNING * * *
You hit the salamander.
The salamander looks as sick as possible!
The salamander is heavily wounded.
The salamander hits you with a +0 glaive.
* * * LOW HITPOINT WARNING * * *
You are engulfed in flames!
* * * LOW HITPOINT WARNING * * *
Okay, then.
You slash the salamander!
The salamander is almost dead.
The salamander hits you with a +0 glaive!
You die...
Your body crumbles into a pile of gold.

+.._..+..##≈≈≈
#.....#...#≈§§
#######...#≈≈≈
+!$.$[+...#≈≈§
#..≈..#...#≈≈
#8≈≈≈8#...#
+..≈..'..#
+.....@..#≈≈ §#
#8...8#N##≈≈
§§###.....###≈≈≈
§≈≈≈§.....≈≈≈§§#
≈§≈§≈8...8≈≈§§##
≈≈≈§§.....§≈###
##≈≈≈.....≈§#
#≈≈≈8...8≈##
####.....##


You could see a salamander (extremely poisoned).

Vanquished Creatures
  A salamander mystic (Volcano)
  2 cyclopes
  A manticore (D:8)
  An ugly thing (D:8)
  A black mamba (Lair:1)
  A cane toad (Lair:1)
  4 komodo dragons (Lair:1)
  Prince Ribbit (Lair:1)
  2 hornets (D:7)
  2 polar bears (Lair:1)
  3 dream sheep (Lair:1)
  A shadow (D:8)
  21 yaks
  2 vampires (D:8)
  2 wyverns
  A basilisk (Lair:1)
  A steam dragon (Lair:1)
  Menkaure (D:4)
  Duvessa (D:7)
  An acid dragon (D:8)
  6 water moccasins
  2 orc warriors
  An ice beast (D:8)
  A black bear (D:5)
  4 ogres
  3 centaurs
  9 wolves (Lair:1)
  3 phantoms
  2 kobold brigands
  8 bullfrogs
  4 scorpions
  9 wights
  Dowan (D:7)
  4 howler monkeys
  2 vampire bats (D:3)
  2 jellies
  An orc priest (D:8)
  Crazy Yiuf (D:6)
  A gnoll bouda (D:6)
  3 hounds
  3 sleepcaps
  Terence (D:3)
  3 iguanas
  3 orc wizards
  Robin (D:3)
  11 adders
  12 gnolls
  2 shadow imps
  2 white imps
  4 ufetubi
  2 worms
  16 orcs
  7 bats
  2 bat skeletons (D:3)
  3 bat zombies (D:3)
  13 endoplasms
  3 giant cockroaches
  15 goblins
  7 hobgoblins
  12 jackals
  A quokka (D:3)
  5 ball pythons
  5 frilled lizards
  23 kobolds
  10 rats
283 creatures vanquished.

Notes
Turn   | Place    | Note
-------+----------+-------------------------------------------
     0 | D:1      | AtlasWard the Draconian Gladiator began the quest for the
                  | Orb.
     0 | D:1      | Reached XP level 1. HP: 17/17 MP: 1/1
   252 | D:1      | Reached XP level 2. HP: 25/25 MP: 2/2
   458 | D:1      | Reached skill level 1 in Short Blades
   930 | D:1      | Reached XP level 3. HP: 30/30 MP: 3/3
  1081 | D:2      | Reached skill level 3 in Fighting
  1223 | D:2      | Reached XP level 4. HP: 29/38 MP: 4/4
  1954 | D:3      | Noticed Terence
  2288 | D:3      | Noticed Robin
  2340 | D:3      | Reached XP level 5. HP: 44/46 MP: 5/5
  2374 | D:3      | Killed Robin
  2501 | D:3      | Reached skill level 4 in Fighting
  2530 | D:3      | Found Fewoc's General Store.
  2538 | D:3      | Bought a scroll of fear for 56 gold pieces
  2711 | D:3      | Found an ancient bone altar of Kikubaaqudgha.
  2727 | D:3      | Reached XP level 6. HP: 49/53 MP: 6/6
  2795 | D:3      | Killed Terence
  3576 | D:3      | Reached skill level 5 in Short Blades
  3697 | D:4      | Noticed Menkaure
  3712 | D:4      | Killed Menkaure
  3713 | D:4      | Reached skill level 5 in Fighting
  3713 | D:4      | Your scales start taking on an icy white colour.
  3713 | D:4      | Reached XP level 7. HP: 24/61 MP: 1/7
  3713 | D:4      | Gained mutation: Your flesh is cold resistant. (rC+) [White
                  | Draconian growth]
  4195 | D:4      | Found a hazy altar of Hepliaklqana.
  4217 | D:4      | Found Eghopoy's Weapon Shoppe.
  4371 | D:5      | Entered Level 5 of the Dungeon
  4473 | D:5      | Found a staircase to the Ecumenical Temple.
  4475 | D:5      | Noticed a yak
  4489 | D:5      | Noticed a yak
  4490 | D:5      | Noticed a yak
  4504 | D:4      | Killed a yak
  4505 | D:4      | Reached skill level 6 in Fighting
  4535 | D:4      | Killed a yak
  4536 | D:4      | Reached XP level 8. HP: 47/71 MP: 6/8
  4714 | D:5      | Reached skill level 7 in Fighting
  4737 | Temple   | Entered the Ecumenical Temple
  4747 | Temple   | Became a worshipper of Gozag Ym Sagoz the Greedy
  4939 | D:5      | Reached skill level 8 in Fighting
  5084 | D:5      | Reached skill level 9 in Fighting
  5433 | D:6      | Reached XP level 9. HP: 60/81 MP: 7/9
  5555 | D:6      | Found the +18 Lear's hauberk
  5675 | D:6      | Found a shadowy altar of Dithmenos.
  5811 | D:6      | You fall into a shaft and drop 2 floors!
  5894 | D:8      | Noticed a cyclops
  5894 | D:8      | Noticed a purple ugly thing
  5919 | D:8      | Found a staircase to the Lair.
  5919 | D:8      | Noticed Prince Ribbit
  5932 | Lair:1   | Entered Level 1 of the Lair of Beasts
  5938 | Lair:1   | Reached skill level 10 in Fighting
  6178 | Lair:1   | Noticed a polar bear
  6206 | Lair:1   | Killed a polar bear
  6207 | Lair:1   | Reached skill level 11 in Fighting
  6349 | Lair:1   | Reached skill level 12 in Fighting
  6370 | Lair:1   | Reached skill level 13 in Fighting
  6402 | Lair:1   | Reached XP level 10. HP: 76/101 MP: 10/10
  6959 | Lair:1   | Reached skill level 14 in Fighting
  7604 | Lair:1   | Noticed a cane toad
  7620 | Lair:1   | Killed a cane toad
  7724 | Lair:1   | Reached skill level 15 in Fighting
  8261 | Lair:1   | Reached skill level 16 in Fighting
  8262 | Lair:1   | Noticed a black mamba
  8275 | Lair:1   | Killed a black mamba
  8276 | Lair:1   | Reached XP level 11. HP: 72/114 MP: 11/11
  8590 | Lair:1   | Killed Prince Ribbit
  9463 | D:6      | Found a runed translucent door.
  9464 | D:6      | Noticed Crazy Yiuf
  9600 | D:6      | Killed Crazy Yiuf
  9999 | D:7      | Found a hide-covered altar of Uskayaw.
 10077 | D:7      | Found an ornate altar of the Wu Jian Council.
 10251 | D:7      | Noticed Duvessa
 10259 | D:7      | Noticed Dowan
 10279 | D:7      | Killed Duvessa
 10303 | D:7      | Killed Dowan
 11500 | D:8      | Reached skill level 5 in Axes
 11726 | D:8      | Paralysed by a hornet for 2 turns
 12162 | D:9      | Noticed a two-headed ogre
 12817 | D:7      | Paralysed by a hornet for 3 turns
 13319 | D:8      | Reached skill level 17 in Fighting
 13578 | D:8      | Found a shadowy altar of Dithmenos.
 13777 | D:8      | Killed a purple ugly thing
 14042 | Lair:2   | Noticed a skyshark
 14136 | Lair:2   | HP: 5/117 [dream sheep (4)]
 14249 | Lair:2   | Found a dark tunnel.
 14249 | Lair:2   | Noticed a lindwurm
 14258 | Volcano  | Entered a volcano
 14489 | Volcano  | Noticed a salamander mystic
 14512 | Volcano  | Killed a salamander mystic
 14588 | Volcano  | Found a burning altar of Makhleb.
 14601 | Volcano  | Slain by a salamander

Illustrated notes

Levels and vault maps discovered:
D:1:      mrwooster_arrival_statue_2, layout_loops_corners
D:2:      layout_rooms
D:3:      layout_basic, kennysheep_vampire_church, serial_shops,
          nicolae_shop_crystal, hangedman_decor_lopped, minmay_divided_ellipse,
          uniq_robin, uniq_terence
D:4:      layout_loops_ring, mainiacjoe_overflow_six_doors_small, serial_shops,
          nicolae_shop_gibbet_a_chance, uniq_menkaure
D:5:      layout_rooms, minmay_temple_entry_junction_2, serial_bayou_pond_e,
          nicolae_nh_ransacked_shop
D:6:      layout_loops_ring, mainiacjoe_overflow_boulevard, minivault_1,
          minivault_11, uniq_crazy_yiuf_cottage
D:7:      layout_layer_cave, lemuel_round_altar, eat_drink_and_be_merry_uskayaw,
          hangedman_decor_growths, uniq_duvessa
D:8:      minmay_the_grid_octo_triangle [minmay_the_grid_octo_chip,
          minmay_the_grid_octo_prize_big_c,
          minmay_the_grid_octo_vomiting_pacman], layout_loops_ring,
          lair_entry_dummy, uniq_prince_ribbit1
D:9:      minmay_klotski, layout_small_grid, ashenzari_altar_1,
          gammafunk_ghost_split, wad_rectangle_vault
Temple:   nicolae_temple_great_sept
Lair:1:   layout_gridlike, grunt_megastairs_3
Lair:2:   minmay_guarded_unrand_snakebite, layout_small_grid,
          nicolae_volcano_entry_vermiform, grunt_megastairs_2
Volcano:  kennysheep_volcano_temple

Skill      XL: |  1  2  3  4  5  6  7  8  9 10 11 |
---------------+----------------------------------+-----
Short Blades   | 1 2 3 4 5 7 8 |  8.0
Fighting       | 3 4 5 6 9 13 16 17 | 17.2
Axes           | 8 |  8.1
Throwing       | |  1.7
Dodging        | |  2.9

Action                     |  1- 3 |  4- 6 |  7- 9 | 10-12 || total
---------------------------+-------+-------+-------+-------++-------
  Melee: War axe           |    25 |       |       |    54 ||    79
         Tailslap          |    21 |    39 |    88 |   162 ||   310
         Short sword       |   115 |   140 |    31 |       ||   286
         Dagger            |       |   174 |    79 |    55 ||   308
         Punch             |       |     3 |     6 |    12 ||    21
         Rapier            |       |       |   324 |   700 ||  1024
         Hand axe          |       |       |       |    33 ||    33
  Throw: Dart              |       |       |     7 |     2 ||     9
         Javelin           |       |       |       |    27 ||    27
Ability: Breathe Frost     |       |       |     4 |    12 ||    16
  Evoke: Wand              |       |       |       |     7 ||     7
    Use: Scroll            |       |     4 |     3 |    12 ||    19
         Potion            |       |     1 |       |     2 ||     3
   Stab: Sleeping          |       |     1 |       |       ||     1
         Distracted        |       |       |     1 |     1 ||     2
 Armour: Skin              |    41 |   140 |   111 |   271 ||   563
  Dodge: Dodged            |    91 |   202 |   136 |   340 ||   769

Table legend: (Time is in decaauts)
 A = Elapsed time spent in this place.
 B = Non-inter-level travel time spent in this place.
 C = Inter-level travel time spent in this place.
 D = Time resting spent in this place.
 E = Time spent auto-exploring this place.
 F = Levels seen in this place.
 G = Mean time per level.
                   A        B        C        D        E       F      G
               +--------+--------+--------+--------+--------+-----+--------+
         Total |  14054 |  13617 |    437 |    683 |  10177 |  13 | 1081.1 |
       Dungeon |  10841 |  10494 |    347 |    519 |   7913 |   9 | 1204.6 |
        Temple |     20 |      2 |     18 |      0 |      0 |   1 |   20.0 |
          Lair |   2849 |   2777 |     72 |    164 |   1961 |   2 | 1424.5 |
       Volcano |    343 |    343 |      0 |      0 |    303 |   1 |  343.0 |
               +--------+--------+--------+--------+--------+-----+--------+

Top non-repeatable levels by time:
  Lair:1: 2716 daAuts
     D:7: 2206 daAuts
     D:8: 2073 daAuts
     D:3: 1664 daAuts
     D:6: 1290 daAuts
     D:1: 1070 daAuts
     D:2: 916 daAuts
     D:4: 820 daAuts
     D:5: 797 daAuts
 Volcano: 343 daAuts
  Lair:2: 133 daAuts
  Temple: 20 daAuts
     D:9: 1 daAuts
